 Dungeon Crawl Stone Soup version 0.21.1-1-g345015f (webtiles) character file.

493 kae the Insei (level 6, -1/51 HPs)
             Began as a Draconian Transmuter on June 6, 2018.
             Was an Initiate of Okawaru.
             Killed from afar by an orc wizard (6 damage)
             ... with a magic dart
             ... on level 5 of the Dungeon.
             The game lasted 00:04:47 (4446 turns).

kae the Insei (Draconian Transmuter)                Turns: 4446, Time: 00:04:48

Health: -1/51      AC:  2    Str: 17    XL:     6   Next: 92%
Magic:  10/10      EV: 21    Int: 13    God:    Okawaru [......]
Gold:   206        SH:  0    Dex: 19    Spells: 5/11 levels left

rFire    . . .     SeeInvis .     - Unarmed
rCold    . . .     Gourm    .   (shield currently unavailable)
rNeg     . . .     Faith    .   (armour unavailable)
rPois    x         Spirit   .   (helmet currently unavailable)
rElec    .         Reflect  .   (cloak currently unavailable)
rCorr    .         Harm     .   (gloves currently unavailable)
MR       .....                  (boots currently unavailable)
Stlth    +++.......             (no amulet)
HPRegen  0.17/turn              h - ring of stealth
MPRegen  0.12/turn              (no ring)

@: mighty, spider-form, very slightly contaminated
A: tiny, unfitting armour, AC +6
a: End Transformation, Renounce Religion


You were on level 5 of the Dungeon.
You worshipped Okawaru.
Okawaru was noncommittal.
You were near starving.
You were a venomous arachnid creature.
You visited 2 branches of the dungeon, and saw 6 of its levels.

You collected 206 gold pieces.

Inventory:

Missiles
 a - 69 arrows
Armour
 g - a +1 cloak (melded)
Jewellery
 h - a ring of stealth (left front leg)
Wands
 n - a wand of paralysis (25)
 p - a wand of acid (12)
Scrolls
 d - a scroll of magic mapping
 m - a scroll of fog
Potions
 e - a potion of invisibility
 f - 2 potions of agility
 i - 2 potions of magic
 u - a potion of lignification {unknown}
Books
 b - a book of Changes

   Spells                             Type                      Level
   a - Beastly Appendage              Transmutation                1
   b - Sticks to Snakes               Transmutation                2
   c - Spider Form                    Transmutation/Poison         3
   d - Ice Form                       Ice/Transmutation            4
   e - Blade Hands                    Transmutation                5
Comestibles
 c - 9 rations


   Skills:
 + Level 3.1 Fighting
 + Level 2.8 Dodging
 * Level 4.8 Unarmed Combat
 + Level 3.0 Spellcasting
 * Level 4.4 Transmutations


You had 5 spell levels left.
You knew the following spells:

 Your Spells              Type           Power        Failure   Level  Hunger
a - Beastly Appendage     Tmut           ##....       12%         1    #......
b - Sticks to Snakes      Tmut           ##......     16%         2    ###....
c - Spider Form           Tmut/Pois      #.........   50%         3    ###....


Dungeon Overview and Level Annotations

Branches:
Dungeon (5/15)             Temple (1/1) D:4

Altars:
Ashenzari
Dithmenos
Fedhas
Hepliaklqana
Makhleb
Nemelex Xobeh
Okawaru
Qazlal
Ru
Sif Muna
Vehumet
Wu Jian
Xom
Yredelemnul
The Shining One


Innate Abilities, Weirdness & Mutations

((Your plain brown scales are hard. (AC +6)))
You cannot fit into any form of body armour.
((You are cold-blooded and may be slowed by cold attacks.))


Message History

* * * LOW HITPOINT WARNING * * *
The orc wizard completely misses you.
It was a potion of curing.
You feel better. The orc wizard closely misses you. The orc wizard misses you.
The orc wizard hits you but does no damage.
The orc wizard points at you and mumbles some strange words.
The magic dart hits you!
* * * LOW HITPOINT WARNING * * *
You hear some strange, mumbled words.
A puff of flame appears from out of thin air!
The puff of flame misses you.
The puff of flame hits the orc wizard.
The orc wizard dies!
It was a potion of might.
You feel very mighty all of a sudden.
The orc wizard points at you and mumbles some strange words.
The magic dart hits you!
* * * LOW HITPOINT WARNING * * *
The orc wizard points at you and mumbles some strange words.
The magic dart hits you!
You die...

**,,,##...###.....##
*****##..##..###..##* ****
##.....#.#....* *,,*
#...###.###..# *,,*
#.#.#..:..#,.# **,**
*#.#.###.#'#..# **,,**
*.,#...#.#.(..#**,,,,**
*#,*##..###..#,,,,***,,** **,**
##.{s)o##,**** ***,** * **,**
*#.ooo....# **,* *** *,,*
*#o..###...#* *** *,* ,,**
*,,***#..###***#..#***,***,* ,,,*
*,,*,.>..,,,,,,,,..,,,,,*,**
*,,****,,.....,,,,,,,,,.,,,,,,,**
**,,,*,,......,,,,,,,,,,,,,,,,,,*
***,,,,,.....,,,,,,,,,,,,,,,,,,,,
***,,,,,,,,,,,,,,,,,,,,,,,,,,,,,*


You could see 5 orc wizards.

Vanquished Creatures
  A hound (D:4)
  An orc wizard (D:4)
  A worker ant (D:4)
  2 hound skeletons (D:4)
  9 gnolls
  4 adders
  2 oozes (D:2)
  An adder skeleton (D:4)
  4 worms
  2 dart slugs
  2 leopard geckos
  14 orcs
  8 giant cockroaches
  7 goblins
  5 hobgoblins
  11 kobolds
  A quokka (D:2)
  7 bats
  5 frilled lizards
  5 rats
92 creatures vanquished.

Vanquished Creatures (collateral kills)
  The ghost of Britaniac the Firebug, an amateur DEFE (D:4)
1 creature vanquished.

Vanquished Creatures (others)
  An orc wizard (D:5)
1 creature vanquished.

Grand Total: 94 creatures vanquished

Notes
Turn   | Place    | Note
-------+----------+-------------------------------------------
     0 | D:1      | kae the Draconian Transmuter began the quest for the Orb.
     0 | D:1      | Reached XP level 1. HP: 16/16 MP: 3/3
   298 | D:1      | Reached XP level 2. HP: 23/23 MP: 3/5
   786 | D:1      | Reached XP level 3. HP: 28/28 MP: 4/6
   931 | D:1      | You fall through a shaft!
  1220 | D:2      | Reached XP level 4. HP: 30/36 MP: 5/7
  1304 | D:2      | Found a shattered altar of Ashenzari.
  1721 | D:2      | Learned a level 2 spell: Sticks to Snakes
  1725 | D:2      | Learned a level 3 spell: Spider Form
  2070 | D:3      | Reached XP level 5. HP: 13/41 MP: 2/8
  3142 | D:4      | Reached XP level 6. HP: 50/50 MP: 7/10
  3156 | D:4      | Found a staircase to the Ecumenical Temple.
  3208 | Temple   | Entered the Ecumenical Temple
  3372 | Temple   | Became a worshipper of Warmaster Okawaru
  3408 | D:4      | Found an ornate altar of the Wu Jian Council.
  3513 | D:4      | Noticed Britaniac's ghost (amateur DEFE)
  3527 | D:4      | Killed Britaniac's ghost
  4011 | D:4      | Found a deep blue altar of Sif Muna.
  4013 | D:4      | Found a radiant altar of Vehumet.
  4114 | D:4      | Found a glowing golden altar of the Shining One.
  4116 | D:4      | Noticed an angel
  4121 | D:4      | Found a basalt altar of Yredelemnul.
  4123 | D:4      | Noticed a profane servitor
  4382 | D:5      | Entered Level 5 of the Dungeon
  4446 | D:5      | Killed from afar by an orc wizard

Skill      XL: |  1  2  3  4  5  6 |
---------------+-------------------+-----
Dodging        | 2 |  2.8
Transmutations | 3 4 |  4.4
Fighting       | 2 3 |  3.1
Unarmed Combat | 4 |  4.8
Spellcasting   | 3 |  3.0

Action                   |  1- 3 |  4- 6 || total
-------------------------+-------+-------++-------
Melee: Unarmed           |   151 |   213 ||   364
       Kick              |     6 |     1 ||     7
       Headbutt          |     5 |     1 ||     6
       Tailslap          |     9 |    17 ||    26
       Punch             |     5 |       ||     5
 Cast: Beastly Appendage |    18 |     7 ||    25
       Spider Form       |       |    18 ||    18
       Sticks to Snakes  |       |     3 ||     3
  Use: Scroll            |       |     8 ||     8
       Potion            |       |     4 ||     4
  Eat: Chunk             |     1 |    12 ||    13
Armor: Skin              |    66 |    48 ||   114
Dodge: Dodged            |   113 |   167 ||   280
